AoeStats
← Erectus Rogan?

Arena

509737500Analyzed
1v1 RM · 5d ago on Sep 27, 2026· 13m 50s· 2 players
Game mode
Random Map
Map size
Tiny (2 player)
Population
200
Speed
Normal
Resources
Standard
Victory
Conquest
Starting age
Dark Age
Ending age
Imperial Age
RankedLock teamsTeams togetherTeam positionsShared explorationLock speedFull tech treeHidden civsTurbo modeCheats
Victory
Defeat
🇩🇪 Varangians · Germany
1147
+46
🇩🇪 Bulgarians · Germany
1166
-17
Erectus Rogan?
9:54 Feudal Age
9:42 Loom
10:39 Loom
13:40 Castle Age
12:03 Double-Bit Axe
12:26 Horse Collar
Ice_And_Fire
10:32 Feudal Age
11:27 Horse Collar
12:33 Loom
16:19 Castle Age
Connection lost

Rejoining the realm…

Still unreachable

The connection could not be restored.

Session expired

The server has moved on; the page needs a fresh start.